 Dungeon Crawl Stone Soup version 0.27.0-1-g7a089689b8 (webtiles) character file.

Game seed: 1046324407461199

615 tilp the Digger (level 7, -1/43 HPs)
             Began as a Gargoyle Earth Elementalist on Aug 5, 2021.
             Was an Initiate of Vehumet.
             Splashed by a jelly's acid (9 damage)
             ... on level 4 of the Dungeon.
             The game lasted 00:08:01 (3727 turns).

tilp the Digger (Gargoyle Earth Elementalist)       Turns: 3727, Time: 00:08:01

Health: -1/43      AC:  4    Str: 12    XL:     7   Next: 45%
Magic:  10/10      EV: 12    Int: 17    God:    Vehumet [......]
Gold:   86         SH:  0    Dex: 10    Spells: 4/10 levels left

rFire    . . .     SeeInvis .   a - +2 dagger (venom)
rCold    . . .     Faith    .   (no shield)
rNeg     + . .     Spirit   .   m - +2 robe {Will+}
rPois    ∞         Reflect  .   (no helmet)
rElec    +         Harm     .   (no cloak)
rCorr    .         Rampage  .   (no gloves)
Will     +....                  (no boots)
Stlth    ++........             f - amulet of regeneration
HPRegen  1.14/turn              (no ring)
MPRegen  0.12/turn              (no ring)

@: corroded
A: sickness immunity, AC +4, negative energy resistance 1, electricity
resistance, torment resistance 1, petrification resistance
a: Renounce Religion


You were on level 4 of the Dungeon.
You worshipped Vehumet.
Vehumet was noncommittal.
You visited 1 branch of the dungeon, and saw 5 of its levels.
You also visited: Sewer.

You collected 182 gold pieces.
You spent 96 gold pieces at shops.

Inventory:

Hand Weapons
 a - a +2 dagger of venom (weapon)
 b - a +1 halberd
 d - a +0 club
 l - a +0 morningstar
 x - a +1 flail of venom
 y - a +1 spear of venom
Missiles
 c - 117 stones
 g - 5 boomerangs
 j - 5 javelins (quivered)
 p - 30 poisoned darts
Armour
 m - a +2 robe of willpower (worn)
Jewellery
 f - an amulet of regeneration (around neck)
Scrolls
 i - a scroll of fog
 s - a scroll of identify
 u - a scroll of immolation {unknown}
 w - a scroll of noise {unknown}
Potions
 e - a potion of might
 h - 3 potions of mutation
 k - 3 potions of brilliance
 n - a potion of cancellation
 o - a potion of haste {unknown}
 q - a potion of magic {unknown}
 r - a potion of resistance {unknown}
 t - a potion of heal wounds {unknown}
 v - a potion of experience {unknown}


   Skills:
 - Level 4.0 Fighting
 - Level 2.0 Dodging
 - Level 2.1 Stealth
 - Level 2.0 Spellcasting
 - Level 4.0 Conjurations
 - Level 0.7 Transmutations
 + Level 7.4 Earth Magic


You had 4 spell levels left.
You knew the following spells:

 Your Spells              Type           Power      Damage    Failure   Level
a - Sandblast             Erth           52%        2d12      1%          1
b - Passwall              Tmut/Erth      12%        N/A       5%          2
c - Stone Arrow           Conj/Erth      42%        3d9       5%          3

Your spell library contained the following spells:

 Spells                   Type           Power      Damage    Failure   Level
 Shock                    Conj/Air       32%        1d5       9%          1
 Conjure Flame            Conj/Fire      8%         6-21      26%         3
 Petrify                  Tmut/Erth      15%        N/A       36%         4
 Ignite Poison            Fire/Tmut/Pois 2%         N/A       47%         3
 Gell's Gravitas          Tloc           0%         N/A       50%         3
 Swiftness                Air            1%         N/A       50%         3
 Teleport Other           Tloc           1%         N/A       50%         3
 Tukima's Dance           Hex            1%         N/A       50%         3
 Sticky Flame             Conj/Fire      8%         2d3       63%         4
 Airstrike                Air            0%         N/A       88%         4
 Passage of Golubria      Tloc           N/A        N/A       88%         4
 Yara's Violent Unravell  Hex/Tmut       1%         3d3       99%         5
 Dispersal                Tloc           0%         N/A       100%        6


Dungeon Overview and Level Annotations

Branches:
Dungeon (5/15)              Sewer (visited)
 Temple: D:4-7

Altars:
Cheibriados
Dithmenos
Fedhas
Hepliaklqana
Kikubaaqudgha
Okawaru
Qazlal
Vehumet
Xom
Zin

Shops:
D:1 [


Innate Abilities, Weirdness & Mutations

You are immune to sickness and miasma.
Your stone body is resilient. (AC +4)
You are immune to poison.
You resist negative energy. (rN+)
You are resistant to electric shocks. (rElec)
You are resistant to unholy torment.
You are immune to petrification.


Message History

You kill the gnoll!
Vehumet accepts your kill.
Things that are here:
a +1 flail of venom; a +0 flail; a gnoll corpse
Things that are here:
a +1 flail of venom; a +0 flail; a gnoll corpse
x - a +1 flail of venom Unknown command.
HP restored.
Things that are here:
a +1 spear of venom; a +0 scale mail
y - a +1 spear of venom You start resting.
Magic restored.
You start waiting.
Done waiting.
There is a stone staircase leading down here.
You climb downwards.
The jelly hits you.
You are splashed with acid!
The scorpion barely misses you.
A hound comes into view.
The orc closely misses you. The gnoll hits you but does no damage.
The orc completely misses you.
The scorpion stings you but does no damage.
The jelly barely misses you. The orc hits you but does no damage.
There is a stone staircase leading up here.
Unknown command.
The scorpion closely misses you.
The gnoll hits you from afar with a +0 spear.
The gnoll hits you but does no damage. The orc hits you but does no damage.
The jelly hits you. The acid corrodes you!
You are splashed with acid!
* * * LOW HITPOINT WARNING * * *
You climb upwards.
There is a stone staircase leading down here.
Unknown command.
You closely miss the orc. The scorpion stings you!
* * * LOW HITPOINT WARNING * * *
The orc completely misses you. The jelly hits you.
* * * LOW HITPOINT WARNING * * *
You are splashed with acid!
You die...

........##..###...#
#)##.#..#.........#
#.##........###...#
..........#.# ##.##
##.#........# #.#
##.#......######.####
..........####...o..#
##.###.......#.#o##.#
.....#.......#.#@##.##
...#.#.......#.#sJ...#
#............#.####..#
#............#.##.#..#
..#≈..#..^...#...#...#
..≈≈≈≈≈......##.###..#
#≈≈≈≈≈≈≈#..#####.#.###
.≈≈≈≈≈≈≈...# ##.##
.≈≈≈.≈≈≈...# #.#


You could see a scorpion, a jelly and 2 orcs.

Vanquished Creatures
  2 kobold brigands (Sewer)
  2 scorpions (D:4)
  A gnoll sergeant (D:4)
  A bullfrog zombie (D:3)
  2 hounds (D:4)
  A centaur skeleton (D:3)
  2 gnolls (D:4)
  5 adders
  A shadow imp (D:5)
  2 worms
  3 dart slugs
  10 orcs
  4 ball pythons
  6 bats
  10 endoplasms
  6 giant cockroaches
  8 goblins
  3 hobgoblins
  17 kobolds
  2 quokkas
  5 frilled lizards
  8 rats
101 creatures vanquished.

Vanquished Creatures (others)
  4 plants (Sewer)
4 creatures vanquished.

Grand Total: 105 creatures vanquished

Notes
Turn   | Place    | Note
-------+----------+-------------------------------------------
     0 | D:1      | tilp the Gargoyle Earth Elementalist began the quest for
                  | the Orb.
     0 | D:1      | Reached XP level 1. HP: 10/10 MP: 3/3
   134 | D:1      | Reached skill level 4 in Earth Magic
   242 | D:1      | Reached XP level 2. HP: 12/15 MP: 5/5
   314 | D:1      | Found Kivay's Antique Armour Boutique.
   387 | D:1      | Found a faded altar of an unknown god.
   832 | D:2      | Reached skill level 5 in Earth Magic
   832 | D:2      | Reached XP level 3. HP: 15/19 MP: 6/6
   906 | D:2      | Learned a level 2 spell: Passwall
   910 | D:2      | Learned a level 3 spell: Stone Arrow
  1612 | D:3      | Reached skill level 1 in Conjurations
  1612 | D:3      | Reached XP level 4. HP: 24/24 MP: 4/7
  1663 | D:3      | Reached skill level 6 in Earth Magic
  1663 | D:3      | Reached XP level 5. HP: 28/28 MP: 8/8
  2144 | D:3      | Found a snail-covered altar of Cheibriados.
  2144 | D:3      | Found an ancient bone altar of Kikubaaqudgha.
  2314 | D:4      | Found a glowing drain.
  2386 | Sewer    | Entered a sewer
  2538 | Sewer    | Noticed a kobold brigand
  2539 | Sewer    | Noticed a kobold brigand
  2555 | Sewer    | Killed a kobold brigand
  2556 | Sewer    | Reached XP level 6. HP: 15/35 MP: 2/9
  2861 | D:1      | Bought an embroidered robe for 96 gold pieces
  2975 | D:4      | Found a radiant altar of Vehumet.
  2975 | D:4      | Found a stormy altar of Qazlal.
  3067 | D:4      | Found an iron altar of Okawaru.
  3068 | D:4      | Found a blossoming altar of Fedhas.
  3069 | D:4      | Found a hazy altar of Hepliaklqana.
  3069 | D:4      | Found a glowing silver altar of Zin.
  3069 | D:4      | Found a shimmering altar of Xom.
  3069 | D:4      | Found a shadowy altar of Dithmenos.
  3088 | D:4      | Reached XP level 7. HP: 43/43 MP: 10/10
  3118 | D:4      | Became a worshipper of Vehumet
  3453 | D:5      | Entered Level 5 of the Dungeon
  3456 | D:5      | Noticed a steam dragon
  3524 | D:4      | Reached skill level 7 in Earth Magic
  3727 | D:4      | Splashed by a jelly's acid

Illustrated notes

Levels and vault maps discovered:
D:1:      dpeg_arrival_long_road, layout_basic,
          hellmonk_ecumenical_altar_run_dry, serial_shops,
          nicolae_shop_behind_doors
D:2:      layout_loops_ring, minmay_hexomino_p4
D:3:      layout_loops_ring, gammafunk_temple_overflow_elements
D:4:      layout_loops_cross, jmf_multi_god_temple, grunt_temple_overflow_open,
          cheibrodos_sewer_entry_drain
D:5:      layout_rooms, serial_glass, glass_columns_a, glass_columns_c,
          gammafunk_ghost_necromancy, kennysheep_potato

Skill      XL: |  1  2  3  4  5  6  7 |
---------------+----------------------+-----
Earth Magic    | 4 5 6 7 |  7.4
Conjurations   | 1 2 4 |  4.0
Fighting       | 2 4 |  4.0
Dodging        | 2 |  2.0
Stealth        | |  2.1
Spellcasting   | |  2.0
Transmutations | |  0.7

Action                   |  1- 3 |  4- 6 |  7- 9 || total
-------------------------+-------+-------+-------++-------
Melee: Club              |    17 |       |       ||    17
       Unarmed           |     1 |       |       ||     1
       Halberd           |    63 |   138 |       ||   201
       Dagger            |       |    27 |    25 ||    52
 Cast: Sandblast         |    14 |    13 |       ||    27
       Stone Arrow       |       |     6 |     4 ||    10
  Use: Scroll            |     6 |     5 |       ||    11
       Potion            |       |     1 |       ||     1
 Stab: Sleeping          |     4 |     3 |     2 ||     9
Armor: Robe              |    23 |    81 |    21 ||   125
Dodge: Dodged            |    51 |   123 |    24 ||   198
